 Dungeon Crawl Stone Soup version 0.32-a0-132-g2d33c3cfaf (webtiles) character file.

Game seed: 6122501651602211234

637 jasper the Gusty (level 7, -8/52 HPs)
             Began as a Demigod Air Elementalist on Feb 9, 2024.
             Killed from afar by an acid dragon (21 damage)
             ... with a splash of acid
             ... on level 5 of the Dungeon.
             The game lasted 00:05:18 (4142 turns).

jasper the Gusty (Demigod Air Elementalist)         Turns: 4142, Time: 00:05:18

Health: -8/52      AC:  9    Str:  9    XL:     7   Next: 4%
Magic:  2/13       EV: 17    Int: 25    God:
Gold:   145        SH:  0    Dex: 14    Spells: 0/10 levels left

rFire   + . .        o - +2 lajatang (vamp)
rCold   . . .        (shield currently unavailable)
rNeg    . . .        x - +1 leather armour {Will+}
rPois   .            t - +1 helmet
rElec   .            (no cloak)
rCorr   .            e - +2 pair of gloves
SInv    .            (no boots)
Will    +....        (no amulet)
Stlth   ++           c - +5 ring of evasion
HPRegen 0.28/turn    y - ring of protection from fire
MPRegen 0.13/turn

%: no passive effects
@: no status effects
A: high MP 1, forlorn, divine attributes
a: no special abilities


You were on level 5 of the Dungeon.
You visited 1 branch of the dungeon, and saw 5 of its levels.

You collected 145 gold pieces.

Inventory:

Hand Weapons
 g - a +0 dagger of venom
 o - a +2 vampiric lajatang (weapon)
Missiles
 q - 3 boomerangs
Armour
 a - a +0 robe
 e - a +2 pair of gloves (worn)
 r - a +0 buckler
 t - a +1 helmet (worn)
 x - a +1 leather armour of willpower (worn)
Jewellery
 c - a +5 ring of evasion (left hand)
 y - a ring of protection from fire (right hand)
Wands
 u - a wand of flame (8)
Scrolls
 i - a scroll of revelation
 n - a scroll of fear
 v - a scroll of poison
 z - a scroll of enchant armour
Potions
 b - a potion of magic
 d - a potion of lignification {unknown}
 f - a potion of heal wounds
 h - 2 potions of attraction
 j - 2 potions of invisibility {unknown}
 k - a potion of curing {unknown}
 l - a potion of mutation {unknown}
 m - a potion of might {unknown}
 p - a potion of cancellation {unknown}
 s - a potion of enlightenment {unknown}
 w - a potion of brilliance {unknown}


   Skills:
 + Level 1.6 Fighting
 + Level 2.6 Dodging
 - Level 1.7 Stealth
 - Level 2.0 Spellcasting
 - Level 4.1 Conjurations
 * Level 5.7 Air Magic


You couldn't memorise any spells.
You knew the following spells:

 Your Spells              Type           Power      Damage    Failure   Level
a - Shock                 Conj/Air       100%       1d9       1%          1
b - Static Discharge      Conj/Air       54%        3-6/arc   3%          2
c - Swiftness             Air            31%        N/A       4%          3
d - Airstrike             Air            15%        2d(3-19)  16%         4

Your spell library contained the following spells:

 Spells                   Type           Power      Damage    Failure   Level
 Ensorcelled Hibernation  Hex/Ice        4%         N/A       24%         2
 Fugue of the Fallen      Necr           2%         N/A       43%         3
 Anguish                  Hex/Necr       1%         N/A       83%         4


Dungeon Overview and Level Annotations

Branches:
Dungeon (5/15)
 Temple: D:4-7

Annotations:
D:3 2 runed translucent doors, Azoth's ghost, amateur DEFE
D:4 Edmund
D:5 4 runed translucent doors


Innate Abilities, Weirdness & Mutations

You have an increased reservoir of magic. (+10% MP)
You shall have no god before yourself.
Your divine heritage dramatically boosts your attributes as you level up.


Message History

You are struck by an arc of lightning.
The lightning grounds out.
You take 3 damage, and have 47/52 hp.
You now have 7/13 mp.
Casting: Static Discharge (safe; 3% risk of failure)
Confirm with . or Enter, or press ? or * to list all spells.
The ogre is struck by an arc of lightning.
The ogre is lightly wounded.
You are struck by an arc of lightning.
An acid dragon comes into view.
The ogre barely misses you.
You now have 5/13 mp.
Casting: Static Discharge (safe; 3% risk of failure)
Confirm with . or Enter, or press ? or * to list all spells.
The ogre is struck by an arc of lightning.
The ogre is moderately wounded.
You are struck by an arc of lightning.
The ogre is struck by an arc of lightning.
The ogre is moderately wounded.
The lightning grounds out.
You now have 4/13 mp.
Casting: Static Discharge (safe; 3% risk of failure)
Confirm with . or Enter, or press ? or * to list all spells.
The ogre is struck by an arc of lightning.
The ogre is heavily wounded.
You are struck by an arc of lightning.
The ogre is struck by an arc of lightning.
The ogre is severely wounded.
You are struck by an arc of lightning.
The lightning grounds out.
The ogre hits you with a +0 giant spiked club!!
Ouch! That really hurt!
You take 28 damage, and have 20/52 hp.
MASSIVE DAMAGE!!
You now have 2/13 mp.
You hit the ogre but do no damage.
The ogre is severely wounded.
The ogre hits you with a +0 giant spiked club!
* * * LOW HITPOINT WARNING * * *
You take 7 damage, and have 13/52 hp.
You slash the ogre!
You kill the ogre!
The acid dragon spits acid at you. The splash of acid hits you!!
You die...

......#...#.##.#####ßW.ß##.#.#
##..†..<..##.#..# #ß....ß#.#.#
#..#.#.#..###### #)....)#.#.#
#......#..# #)....)#.#.#
#######.#.## #ß....ß#.).#
..........# #######ßW.ß##.#.#
#######.#.# ##.#.'.##++##..#.#
#.#(# #.#.†#.........#.# #.#.#
####@#..#.#....#.#
#.#.##..D)##....######.#
#....######†.#...... #.#
####...........####. #.#
#############


You could see an acid dragon (catching breath).

Vanquished Creatures
  An ogre (D:5)
  A centaur (D:5)
  2 scorpions (D:5)
  A gnoll sergeant (D:5)
  A wight (D:5)
  A hound (D:5)
  A jelly (D:5)
  A gnoll bouda (D:5)
  An orc priest (D:3)
  Terence (D:3)
  An iguana (D:5)
  Natasha (twice) (D:2)
  Robin (D:2)
  3 adders
  2 dart slugs
  6 orcs
  8 bats
  4 endoplasms
  4 giant cockroaches
  12 goblins (D:2)
  4 hobgoblins
  6 quokkas
  5 ball pythons
  A frilled lizard (D:2)
  2 kobolds
  4 rats
76 creatures vanquished.

Notes
Turn   | Place    | Note
-------+----------+-------------------------------------------
     0 | D:1      | jasper the Demigod Air Elementalist began the quest for the
                  | Orb.
     0 | D:1      | Reached XP level 1. HP: 14/14 MP: 5/5
   113 | D:1      | Reached skill level 1 in Conjurations
   657 | D:2      | Reached XP level 2. HP: 20/20 MP: 1/7
   660 | D:2      | Learned a level 2 spell: Static Discharge
   735 | D:2      | Reached skill level 3 in Air Magic
  1152 | D:2      | Reached XP level 3. HP: 26/26 MP: 4/8
  1197 | D:2      | Learned a level 3 spell: Swiftness
  1323 | D:2      | Noticed Robin
  1343 | D:2      | Killed Robin
  1530 | D:2      | Noticed Natasha
  1535 | D:2      | Killed Natasha
  1536 | D:2      | Reached XP level 4. HP: 32/33 MP: 3/9
  1986 | D:2      | Noticed Natasha
  1991 | D:2      | Killed Natasha
  2074 | D:3      | Reached skill level 4 in Air Magic
  2498 | D:3      | Reached XP level 5. HP: 38/38 MP: 5/10
  2668 | D:3      | Found a runed translucent door.
  2670 | D:3      | Noticed Azoth's ghost (amateur DEFE)
  2684 | D:3      | Found a runed translucent door.
  2725 | D:3      | Noticed Terence
  2735 | D:3      | Killed Terence
  2870 | D:3      | Identified the +2 spear "Muanoin" {flame, rF+ rN+ Int+3}
  3544 | D:4      | Noticed Edmund
  3551 | D:5      | Entered Level 5 of the Dungeon
  3725 | D:5      | Found a large runed translucent door.
  3725 | D:5      | Found a large runed translucent door.
  3725 | D:5      | Noticed a wraith
  3727 | D:5      | Found a large runed translucent door.
  3727 | D:5      | Found a large runed translucent door.
  3727 | D:5      | Noticed a centaur
  3739 | D:5      | Killed a centaur
  3740 | D:5      | Reached XP level 6. HP: 45/45 MP: 11/11
  3759 | D:5      | Reached skill level 5 in Air Magic
  3804 | D:5      | Reached skill level 1 in Fighting
  4042 | D:5      | Reached XP level 7. HP: 30/52 MP: 7/13
  4047 | D:5      | Learned a level 4 spell: Airstrike
  4142 | D:5      | Killed from afar by an acid dragon

Illustrated notes

Levels and vault maps discovered:
D:1:      eino_arrival_tree_alley, layout_rooms, minmay_misc_feat_encased
D:2:      layout_loops_cross, shapermc_ecumenical_altar_mp_ritualfount,
          basic_altar, hex_tiny, nrook_mini_backslash, uniq_robin, uniq_natasha
D:3:      layout_basic, mainiacjoe_overflow_cross_hatched,
          mainiacjoe_overflow_big_doors, ebering_ghost_sewer_f, uniq_terence
D:4:      layout_cave_pools, nicolae_overflow_hidden_temple,
          gup_sewer_entry_pipe, uniq_edmund, uniq_menkaure
D:5:      layout_basic, hex_medium, minmay_hollow_rounded_squares

Skill      XL: |  1  2  3  4  5  6 |
---------------+-------------------+-----
Conjurations   | 1 2 3 4 |  4.1
Spellcasting   | 2 |  2.0
Air Magic      | 3 4 5 |  5.7
Dodging        | 2 |  2.6
Fighting       | 1 |  1.6
Stealth        | |  1.7

Action                     |  1- 3 |  4- 6 |  7- 9 || total
---------------------------+-------+-------+-------++-------
  Melee: Lajatang          |    23 |    17 |     2 ||    42
   Cast: Shock             |    67 |    79 |     4 ||   150
         Static Discharge  |     2 |     5 |     4 ||    11
    Use: Scroll            |     4 |     6 |       ||    10
   Stab: Distracted        |     1 |       |       ||     1
 Armour: Robe              |    16 |    13 |       ||    29
         Leather armour    |       |    11 |    10 ||    21
  Dodge: Dodged            |    24 |    28 |     2 ||    54

Table legend: (Time is in decaauts)
 A = Elapsed time spent in this place.
 B = Non-inter-level travel time spent in this place.
 C = Inter-level travel time spent in this place.
 D = Time resting spent in this place.
 E = Time spent auto-exploring this place.
 F = Levels seen in this place.
 G = Mean time per level.
                   A        B        C        D        E       F      G
               +--------+--------+--------+--------+--------+-----+--------+
         Total |   4155 |   4084 |     71 |     59 |   3572 |   5 |  831.0 |
       Dungeon |   4155 |   4084 |     71 |     59 |   3572 |   5 |  831.0 |
               +--------+--------+--------+--------+--------+-----+--------+

Top non-repeatable levels by time:
     D:2: 1423 daAuts
     D:3: 1336 daAuts
     D:1: 651 daAuts
     D:5: 595 daAuts
     D:4: 150 daAuts
